 Dungeon Crawl Stone Soup version 0.23.2-40-g277498a001 (webtiles) character file.

Game seed: 7516194164293616057

3919 Htamos the Scholar of Death (level 10, -5/46 HPs)
             Began as a Felid Necromancer on Sept 1, 2019.
             Was a Follower of Kikubaaqudgha.
             Slain by a blink frog (12 damage)
             ... on level 1 of the Lair of Beasts.
             The game lasted 01:08:49 (23709 turns).

Htamos the Scholar of Death (Felid Necromancer)    Turns: 23709, Time: 01:08:49

Health: -5/46      AC:  4    Str:  4    XL:     10   Next: 1%
Magic:  2/19       EV: 27    Int: 20    God:    Kikubaaqudgha [*.....]
Gold:   721        SH:  0    Dex: 17    Spells: 4/20 levels left
                                        Lives:  0   Deaths: 2

rFire    . . .     SeeInvis +     - Unarmed
rCold    . . .     Gourm    .   (shield unavailable)
rNeg     . . .     Faith    .   (armour unavailable)
rPois    +         Spirit   .   (helmet unavailable)
rElec    .         Reflect  .   (cloak unavailable)
rCorr    .         Harm     .   (gloves unavailable)
MR       +....                  (boots unavailable)
Stlth    +++.......             (no amulet)
HPRegen  0.15/turn              (no ring)
MPRegen  0.16/turn              (no ring)

@: very slightly contaminated, quick
A: very small, no armour, no weapons or thrown items, stealth, antennae 1, claws
1, fangs 3, yellow scales 1, see invisible, carnivore, speed 1, poison
resistance, shaggy fur 2, slow metabolism 1, wild magic 1, sharp paws
a: Receive Corpses, Renounce Religion


You were on level 1 of the Lair of Beasts.
You worshipped Kikubaaqudgha.
Kikubaaqudgha was aware of your devotion.
You were not hungry.

You visited 2 branches of the dungeon, and saw 12 of its levels.

You collected 721 gold pieces.

Inventory:

Jewellery
 e - an uncursed ring of poison resistance
 h - an uncursed ring of fire
 j - an uncursed ring of protection from magic
 o - an uncursed amulet of magic regeneration {unknown}
Wands
 m - a wand of flame (9)
Scrolls
 c - 2 scrolls of immolation
 d - 4 scrolls of identify
 f - a scroll of remove curse {unknown}
 g - a scroll of fog {unknown}
 i - 2 scrolls of amnesia {unknown}
 k - a scroll of teleportation
 l - 4 scrolls of blinking
 p - a scroll of fear
 s - a scroll of random uselessness {unknown}
Potions
 a - a potion of flight
 n - 2 potions of curing
 q - a potion of haste
Comestibles
 b - 25 rations


   Skills:
 + Level 6.3 Fighting
 + Level 11.6 Dodging
 - Level 5.0 Stealth
 + Level 4.9 Unarmed Combat
 + Level 5.8 Spellcasting
 - Level 3.1 Charms
 * Level 12.2 Necromancy


You had 4 spell levels left.
You knew the following spells:

 Your Spells              Type           Power        Failure   Level  Hunger
a - Pain                  Necr           ####         1%          1    None
b - Animate Skeleton      Necr           N/A          1%          1    None
c - Vampiric Draining     Necr           ######....   1%          3    ##.....
d - Regeneration          Chrm/Necr      #####.....   2%          3    ##.....
e - Animate Dead          Necr           N/A          1%          4    ####...
f - Sublimation of Blood  Necr           ######....   1%          2    None
g - Confusing Touch       Hex            #.....       16%         1    None
h - Summon Small Mammal   Summ           #...         16%         1    None

Your spell library contained the following spells:

 Spells                   Type           Power        Failure   Level  Hunger
 Corpse Rot               Necr           N/A          1%          2    None
 Apportation              Tloc           #.....       16%         1    None


Dungeon Overview and Level Annotations

Branches:
Dungeon (11/15)            Temple (0/1) D:7            Lair (1/6) D:9
    Orc (0/2) D:9

Altars:
Gozag
Kikubaaqudgha
Nemelex Xobeh
Trog
Uskayaw
Vehumet
Wu Jian
Xom
Zin

Shops:
D:4 *   D:6 (   D:7 [

Annotations:
D:2 exclusion: 2 downstairs
D:3 exclusion: downstairs
D:6 1 runed translucent door, exclusion: 2 downstairs, Frank2's ghost, novice DgGl
D:8 exclusion: 2 downstairs
D:9 exclusions: door and downstairs
D:10 exclusions: 4 doors and downstairs
D:11 Grum; Snorg
Lair:1 Urug


Innate Abilities, Weirdness & Mutations

You cannot wear armour.
You are incapable of wielding weapons or throwing items.
Your paws allow you to move quietly. (Stealth)
You have sharp claws.
You have razor-sharp teeth.
You have supernaturally acute eyesight. (SInv)
You are carnivorous and can eat meat at any time.
You cover ground quickly.
You are covered in thick fur. (AC +2)
You have a slow metabolism.
Your sharp claws are effective at attacking unaware monsters.
You have a pair of small antennae on your head.
You are partially covered in yellow scales. (AC +2)
Your system is resistant to poisons. (rPois)
Your spells are a little harder to cast, but a little more powerful.


Message History

The blink frog blinks!
The blink frog barely misses you.
Casting: Pain (safe; 1% risk of failure)
Confirm with . or Enter, or press ? or * to list all spells.
Aiming: Pain (safe; 1% risk of failure)
Press: ? - help, Shift-Dir - straight line, f/p - blink frog
Aim: a blink frog (severely wounded, chance to defeat MR: 71%)
The blink frog struggles to resist.
* * * LOW MAGIC WARNING * * *
The blink frog completely misses you. x2
Casting: Pain (safe; 1% risk of failure)
Confirm with . or Enter, or press ? or * to list all spells.
Aiming: Pain (safe; 1% risk of failure)
Press: ? - help, Shift-Dir - straight line, f/p - blink frog
Aim: a blink frog (severely wounded, chance to defeat MR: 71%)
The blink frog struggles to resist.
* * * LOW MAGIC WARNING * * *
The blink frog completely misses you.
The blink frog blinks!
The blink frog completely misses you. x2; The blink frog hits you!
You die...
Kikubaaqudgha rasps: "You have failed me!
Welcome... death!"

## ... ##############
.... ...#.......#.###
.....
...#.......'...###......
...........##..F@F§!.>..
...P.......#######.†F...
...##+.#.### .....
#####.....# ....
###P..## .#+ ###..## #
#...## ######..P##
##.........#


You could see 3 blink frogs.

Vanquished Creatures
  2 two-headed ogres (D:9)
  A death yak (D:8)
  A slime creature (D:10)
  A gargoyle (D:10)
  Psyche (D:10)
  2 spiny frogs (Lair:1)
  A komodo dragon (Lair:1)
  Prince Ribbit (D:7)
  A blink frog (Lair:1)
  2 hippogriffs
  Sigmund (D:3)
  A human (D:7)
  A wyvern (D:8)
  2 yaks (D:8)
  4 hogs (D:7)
  A hungry ghost (D:10)
  A water moccasin (D:9)
  Duvessa (D:6)
  A porcupine (Lair:1)
  4 orc warriors
  A phantom (D:6)
  4 ice beasts
  5 ogres
  2 sky beasts
  3 wolves (D:11)
  2 centaurs
  A big kobold (D:6)
  Blork the orc (D:6)
  Dowan (D:6)
  5 scorpions
  A water moccasin skeleton (D:9)
  6 howler monkeys
  7 crimson imps
  9 hounds
  5 jellies
  A quasit (D:10)
  2 centaur skeletons
  An orc priest (D:9)
  8 orc wizards
  A bullfrog skeleton (D:9)
  A gnoll shaman (D:4)
  11 worker ants
  Natasha (thrice) (D:4)
  Terence (D:2)
  3 iguanas
  A killer bee zombie (D:9)
  A hound skeleton (D:9)
  2 worker ant zombies
  8 gnolls (D:4)
  A howler monkey skeleton (D:9)
  16 adders
  A shadow imp (D:5)
  An ooze (D:3)
  2 adder skeletons (D:3)
  4 leopard geckos
  44 orcs
  4 bats
  4 giant cockroaches
  8 goblins
  7 hobgoblins
  12 jackals
  12 kobolds
  6 quokkas
  3 ball pythons
  3 frilled lizards
  A jackal skeleton (D:6)
  A leopard gecko skeleton (D:3)
  3 quokka zombies
  5 rats
265 creatures vanquished.

Vanquished Creatures (collateral kills)
  A yak (D:9)
  A crimson imp (D:6)
  An orc priest (D:9)
  A bullfrog skeleton (D:8)
  A centaur skeleton (D:8)
  A howler monkey skeleton (D:3)
  An adder skeleton (D:6)
  A leopard gecko zombie (D:6)
8 creatures vanquished.

Vanquished Creatures (others)
  A human (D:4)
1 creature vanquished.

Grand Total: 274 creatures vanquished

Notes
Turn   | Place    | Note
-------+----------+-------------------------------------------
     0 | D:1      | Htamos the Felid Necromancer began the quest for the Orb.
     0 | D:1      | Reached XP level 1. HP: 7/7 MP: 4/4
   777 | D:1      | Reached XP level 2. HP: 12/12 MP: 6/6
  1490 | D:2      | Reached skill level 1 in Fighting
  1746 | D:2      | Reached XP level 3. HP: 14/15 MP: 7/7
  2084 | D:2      | Noticed Terence
  2162 | D:2      | Killed Terence
  2162 | D:2      | Reached skill level 1 in Unarmed Combat
  2162 | D:2      | Reached XP level 4. HP: 9/19 MP: 0/8
  3478 | D:2      | Learned a level 1 spell: Animate Skeleton
  3821 | D:3      | Reached XP level 5. HP: 20/22 MP: 5/9
  4366 | D:3      | Noticed Sigmund
  4389 | D:2      | Gained mutation: You have a pair of small antennae on your
                  | head. [potion of mutation]
  4389 | D:2      | Gained mutation: Your system is resistant to poisons.
                  | (rPois) [potion of mutation]
  4389 | D:2      | Gained mutation: You are partially covered in yellow
                  | scales. (AC +2) [potion of mutation]
  4389 | D:2      | Gained mutation: Your spells are a little harder to cast,
                  | but a little more powerful. [potion of mutation]
  5112 | D:3      | Gained mutation: You are covered in thick fur. (AC +2)
                  | [Felid growth]
  5112 | D:3      | Reached XP level 6. HP: 19/27 MP: 5/11
  5317 | D:3      | Killed Sigmund
  5702 | D:4      | Found Obla's General Store.
  5725 | D:4      | Noticed Natasha
  5742 | D:4      | Killed Natasha
  5916 | D:4      | Noticed Natasha
  5919 | D:4      | Killed Natasha
  5933 | D:4      | Reached XP level 7. HP: 29/31 MP: 8/13
  5948 | D:4      | Noticed Natasha
  5957 | D:4      | Killed Natasha
  5957 | D:4      | Reached skill level 5 in Necromancy
  6264 | D:4      | Found a radiant altar of Vehumet.
  6264 | D:4      | Found an ornate altar of the Wu Jian Council.
  6303 | D:4      | Found an ancient bone altar of Kikubaaqudgha.
  6303 | D:4      | Noticed a human
  6306 | D:4      | Became a worshipper of Kikubaaqudgha
  6306 | D:4      | Killed a human
  6317 | D:4      | Reached skill level 5 in Stealth
  6574 | D:4      | Found a sparkling altar of Nemelex Xobeh.
  6709 | D:4      | Reached skill level 5 in Dodging
  7113 | D:4      | Found a sparkling altar of Nemelex Xobeh.
  7251 | D:5      | Entered Level 5 of the Dungeon
  8133 | D:5      | Reached XP level 8. HP: 33/36 MP: 9/14
  8138 | D:5      | Learned a level 3 spell: Vampiric Draining
  8142 | D:5      | Learned a level 3 spell: Regeneration
  8147 | D:5      | Learned a level 4 spell: Animate Dead
  8259 | D:5      | Reached skill level 6 in Necromancy
  8853 | D:5      | Noticed an angel
  8854 | D:5      | Found a glowing silver altar of Zin.
  8888 | D:6      | Found a runed translucent door.
  8889 | D:6      | Found a shimmering altar of Xom.
  8889 | D:6      | Noticed Frank2's ghost (novice DgGl)
  8889 | D:6      | Noticed a +1 rapier of chaos
  8915 | D:6      | Noticed Duvessa
  9022 | D:6      | Reached skill level 7 in Necromancy
  9551 | D:6      | Reached * piety under Kikubaaqudgha
  9551 | D:6      | Identified Kikubaaqudgha's Tome of Evil Arts (Kikubaaqudgha
                  | gifted it to you on level 6 of the Dungeon)
  9551 | D:6      | Received a gift from Kikubaaqudgha
  9626 | D:6      | Noticed Blork the orc
  9642 | D:6      | Killed Blork the orc
  9813 | D:6      | Reached skill level 8 in Necromancy
 10032 | D:6      | Found Letestall's Weapon Boutique.
 10278 | D:6      | Noticed Dowan
 10317 | D:6      | Killed Dowan
 11046 | D:6      | Found an opulent altar of Gozag.
 11086 | D:6      | Noticed a +0 dagger
 11087 | D:6      | Noticed a +0 dagger
 11090 | D:6      | Found a hide-covered altar of Uskayaw.
 11177 | D:6      | Killed Duvessa
 11177 | D:6      | Reached XP level 9. HP: 39/39 MP: 7/15
 11278 | D:6      | Learned a level 2 spell: Sublimation of Blood
 11439 | D:7      | Noticed Prince Ribbit
 11469 | D:7      | Killed Prince Ribbit
 11745 | D:7      | Found a staircase to the Ecumenical Temple.
 11815 | D:6      | Reached skill level 9 in Necromancy
 11887 | D:7      | Found Nasun's Antique Armour Boutique.
 12478 | D:7      | Reached skill level 10 in Necromancy
 13043 | D:8      | Reached skill level 10 in Dodging
 13948 | D:8      | Reached XP level 10. HP: 38/43 MP: 11/16
 14117 | D:7      | Reached ** piety under Kikubaaqudgha
 14765 | D:9      | Found a staircase to the Lair.
 14765 | D:9      | Noticed a death yak
 14765 | D:9      | Noticed a death yak
 15702 | D:9      | Found a staircase to the Orcish Mines.
 15943 | D:9      | Noticed a death yak
 16503 | D:8      | Killed a death yak
 16503 | D:8      | Reached skill level 5 in Fighting
 16503 | D:8      | Reached skill level 11 in Necromancy
 18322 | D:9      | Reached skill level 1 in Charms
 19171 | D:9      | Noticed a two-headed ogre
 19444 | D:9      | Killed a two-headed ogre
 19444 | D:9      | Reached skill level 5 in Spellcasting
 19812 | D:10     | Entered Level 10 of the Dungeon
 19812 | D:10     | Noticed Psyche
 19818 | D:10     | Killed Psyche
 19867 | D:10     | Noticed a two-headed ogre
 20218 | D:10     | Reached XP level 11. HP: 46/48 MP: 15/19
 20439 | D:10     | Noticed Maurice
 20462 | D:10     | Noticed Maurice
 20462 | D:10     | Maurice changed into Maurice the ogre
 20495 | D:9      | Killed Maurice the ogre
 20957 | D:9      | Killed a two-headed ogre
 21759 | D:10     | Demolished by a large slime creature
 21760 | D:10     | Reached XP level 10. HP: -17/45 MP: 19/19
 22171 | D:11     | Found a bloodstained altar of Trog.
 22172 | D:11     | Noticed Snorg
 22447 | D:11     | Noticed Grum
 22493 | D:11     | Noticed a manticore
 22852 | D:11     | Reached skill level 12 in Necromancy
 22876 | D:11     | HP: 1/45 [Grum/+0 spear (15)]
 23344 | Lair:1   | Entered Level 1 of the Lair of Beasts
 23344 | Lair:1   | Noticed Urug
 23353 | Lair:1   | Learned a level 1 spell: Confusing Touch
 23355 | Lair:1   | Learned a level 1 spell: Summon Small Mammal
 23383 | Lair:1   | Hit by a javelin thrown by Urug
 23384 | Lair:1   | Reached XP level 9. HP: -5/41 MP: 9/18
 23426 | Lair:1   | Noticed a spiny frog
 23432 | Lair:1   | Killed a spiny frog
 23460 | Lair:1   | Noticed a spiny frog
 23469 | Lair:1   | Killed a spiny frog
 23572 | Lair:1   | Noticed a komodo dragon
 23627 | Lair:1   | Killed a komodo dragon
 23699 | Lair:1   | Reached XP level 10. HP: 23/46 MP: 11/19
 23709 | Lair:1   | Slain by a blink frog

Skill      XL: |  1  2  3  4  5  6  7  8  9 10 11 |
---------------+----------------------------------+-----
Dodging        | 3 4 6 8 10 11 | 11.6
Fighting       | 1 2 3 4 5 6 |  6.3
Stealth        | 3 4 5 |  5.0
Unarmed Combat | 1 2 3 4 |  4.9
Spellcasting   | 3 5 |  5.8
Necromancy     | 5 8 10 12 | 12.2
Charms         | 2 3 |  3.1

Action                   |  1- 3 |  4- 6 |  7- 9 | 10-12 || total
-------------------------+-------+-------+-------+-------++-------
Melee: Unarmed           |    31 |    79 |   518 |   469 ||  1097
       Bite              |     1 |    14 |    37 |    39 ||    91
       Punch             |       |     2 |     3 |     8 ||    13
 Cast: Pain              |    35 |   128 |   373 |   403 ||   939
       Animate Skeleton  |       |     3 |    10 |     6 ||    19
       Summon Small Mamm |       |       |     4 |     4 ||     8
       Regeneration      |       |       |       |     6 ||     6
       Animate Dead      |       |       |       |     3 ||     3
       Confusing Touch   |       |       |       |     2 ||     2
Invok: Receive Corpses   |       |       |       |     2 ||     2
Evoke: Wand              |       |       |    28 |    31 ||    59
  Use: Potion            |       |     3 |     4 |     8 ||    15
       Scroll            |       |       |    13 |     4 ||    17
 Stab: Sleeping          |    11 |     4 |     6 |     4 ||    25
       Paralysed         |       |       |     3 |    15 ||    18
       Invisible         |       |       |     2 |     2 ||     4
       Confused          |       |       |       |     2 ||     2
       Distracted        |       |       |       |     1 ||     1
  Eat: Chunk             |     9 |     9 |    15 |    20 ||    53
Armor: Skin              |     2 |    10 |    74 |    45 ||   131
Dodge: Dodged            |    27 |   132 |   468 |   555 ||  1182
